 Dungeon Crawl Stone Soup version 0.17.2-1-ge4368a0 (webtiles) character file.

27053 Goblin1989 the Impaler (level 13, 0/104 HPs)
             Began as a Formicid Fighter on Jan 15, 2017.
             Was an Initiate of Gozag.
             Killed from afar by a fire dragon (23 damage)
             ... with a blast of flame
             ... on level 3 of the Lair of Beasts on Feb 4, 2017.
             The game lasted 01:11:29 (17026 turns).

Goblin1989 the Impaler (Formicid Fighter)          Turns: 17026, Time: 01:11:30

Health: 0/104      AC: 23    Str: 26    XL:     13   Next: 62%
Magic:  13/13      EV:  7    Int:  8    God:    Gozag
Gold:   1815       SH: 20    Dex: 10    Spells: 3 memorised, 4 levels left

rFire  + . .     SeeInvis +     a - +2 halberd
rCold  + . .     Clarity  +     B - +3 chain mail {rPois}
rNeg   . . .     SustAt   +     t - +2 large shield
rPois  +         Gourm    .     (helmet unavailable)
rElec  .         Spirit   .     c - +0 cloak
rCorr  .         Warding  .     s - +5 pair of gloves of the First Snow {*Drain rPois rC+}
rMut   .         Stasis   +     m - +0 pair of boots {run}
MR     ++...                    D - amulet of clarity
Stlth  ..........               f - ring of protection from fire
                                E - ring "Pehohuaf" {SustAt MR+}

@: quick, very resistant to hostile enchantments, extremely unstealthy
A: permanent stasis, dig shafts and tunnels, four strong arms, antennae 3
a: Dig, Shaft Self, Potion Petition, Call Merchant, Bribe Branch, Renounce
Religion


You were on level 3 of the Lair of Beasts.
You worshipped Gozag.
Gozag was noncommittal.
You were full.

You visited 2 branches of the dungeon, and saw 14 of its levels.
You also visited: Ossuary.

You collected 4847 gold pieces.
You spent 1468 gold pieces at shops.
You paid 1564 gold pieces to Gozag.

Inventory:

Hand Weapons
 a - a +2 halberd (weapon)
 b - a +0 hunting sling
 d - a +1 demon trident of flaming
Missiles
 p - 336 stones (quivered)
 q - 19 tomahawks
 N - 2 throwing nets {!d, =f}
 Z - a throwing net {=f, !d}
Armour
 c - a +0 cloak (worn)
 m - a +0 pair of boots of running (worn)
 s - the +5 pair of gloves of the First Snow (worn) {*Drain rPois rC+}
   (You bought it in a shop on level 8 of the Dungeon)

   It protects you from cold.
   It protects you from poison.
   It causes draining when unequipped.
 t - a +2 large shield (worn)
 B - a +3 chain mail of poison resistance (worn)
 J - a +2 plate armour of cold resistance
Jewellery
 f - a ring of protection from fire (right hand)
 D - an amulet of clarity (around neck)
 E - the ring "Pehohuaf" (left hand) {SustAt MR+}
   (You found it on level 5 of the Dungeon)

   [ring of sustain attributes]

   It sustains your strength, intelligence and dexterity.
   It affects your resistance to hostile enchantments.
 L - a +2 ring of protection {unknown}
 O - a ring of positive energy {unknown}
Wands
 h - a wand of heal wounds (3) {!v, @v2}
 r - a wand of fire (7)
 I - a wand of cold (8)
 P - a wand of fire (9)
Scrolls
 i - 2 scrolls of enchant armour
 j - 4 scrolls of noise {!r}
 u - 4 scrolls of enchant weapon
 v - 6 scrolls of immolation {!r}
 x - 5 scrolls of remove curse {@r2}
 y - a scroll of vulnerability {unknown}
 z - 2 scrolls of recharging
 C - a scroll of silence {unknown}
 G - 3 scrolls of blinking {unknown}
 K - a scroll of amnesia
 M - 5 scrolls of magic mapping
 R - 2 scrolls of identify {@r1}
Potions
 g - 3 potions of cancellation
 k - 4 potions of flight
 o - 2 potions of brilliance
 w - 3 potions of lignification {!q}
 A - 3 potions of heal wounds {!q, @q2}
 H - 6 potions of curing {@q1}
 Q - a potion of might
Miscellaneous
 F - a box of beasts
Comestibles
 e - 7 bread rations {@e1}
 l - 10 meat rations {@e2}
 n - 2 slices of pizza


   Skills:
 + Level 10.3 Fighting
 * Level 15.7 Polearms
 + Level 9.9 Armour
 + Level 11.0 Shields


You had 4 spell levels left.
You knew the following spells:

 Your Spells              Type           Power        Failure   Level  Hunger
y - Song of Slaying       Chrm           #.......     100%        2    ###....
R - Regeneration          Chrm/Necr      #.........   100%        3    ####...
W - Spectral Weapon       Hex/Chrm       #.......     100%        3    ####...


Dungeon Overview and Level Annotations

Branches:
Dungeon (11/15)            Temple (0/1) D:4            Lair (3/8) D:11
    Orc (0/4) D:11
  Swamp: Lair:3-6    Shoals: Lair:3-6     Snake: Lair:3-6    Spider: Lair:3-6

Altars:
Ashenzari
Fedhas
Gozag
Makhleb
Okawaru
Vehumet
Yredelemnul
The Shining One

Shops:
D:5 [   D:8 [   D:10 %?   D:11 =

Annotations:
D:5 1 exclusion


Innate Abilities, Weirdness & Mutations

You are under a permanent stasis effect.
You can dig through walls and to a lower floor.
Your four strong arms can wield two-handed weapons with a shield.
You have a pair of large antennae on your head (SInv).


Message History

The fire dragon is moderately wounded.
The fire dragon breathes flames at you. The blast of flame hits you!
You resist.
You take 11 damage, and have 67/104 hp.
Your unstable footing causes you to fumble your attack.
You block the fire dragon's attack.
The fire dragon claws you but does no damage.
The fire dragon tramples you but does no damage.
Your unstable footing causes you to fumble your attack.
You puncture the fire dragon!
The fire dragon is heavily wounded.
The fire dragon bites you. You block the fire dragon's attack.
The fire dragon tramples you but does no damage.
You take 3 damage, and have 65/104 hp.
You hit the fire dragon.
The fire dragon is heavily wounded.
You block the fire dragon's attack. The fire dragon misses you.
The fire dragon tramples you but does no damage.
You hit the fire dragon but do no damage.
The fire dragon is heavily wounded.
The fire dragon breathes flames at you. The blast of flame misses you.
You puncture the fire dragon!
The fire dragon is severely wounded.
The fire dragon bites you. You block the fire dragon's attack.
You block the fire dragon's attack.
You hit the fire dragon.
The fire dragon is severely wounded.
Your unstable footing causes you to fumble your attack.
The fire dragon is distracted by the nearby gold.
You take 1 damage, and have 64/104 hp.
Your unstable footing causes you to fumble your attack.
You puncture the fire dragon!
The fire dragon is no longer distracted by gold.
The fire dragon is almost dead.
You block the fire dragon's attack. x2
The fire dragon tramples you but does no damage.
Your unstable footing causes you to fumble your attack.
Your unstable footing causes you to fumble your attack.
The fire dragon bites you but does no damage.
You block the fire dragon's attack.
The fire dragon tramples you but does no damage.
Your unstable footing causes you to fumble your attack.
You block the fire dragon's attack. x2
The fire dragon barely misses you.
Your unstable footing causes you to fumble your attack.
You puncture the fire dragon!
The fire dragon is almost dead.
You block the fire dragon's attack.
The fire dragon claws you but does no damage.
The fire dragon tramples you but does no damage.
Your unstable footing causes you to fumble your attack.
You block the fire dragon's attack. The fire dragon claws you.
The fire dragon tramples you but does no damage.
Your unstable footing causes you to fumble your attack.
You block the fire dragon's attack.
The fire dragon claws you but does no damage.
You block the fire dragon's attack.
You hit the fire dragon but do no damage.
The fire dragon is almost dead.
You block the fire dragon's attack.
The fire dragon claws you but does no damage.
The fire dragon barely misses you.
You hit the fire dragon.
The fire dragon is almost dead.
Your unstable footing causes you to fumble your attack.
The fire dragon breathes flames at you. The blast of flame hits you!
You resist.
You take 18 damage, and have 47/104 hp.
You closely miss the fire dragon.
The fire dragon is almost dead.
You block the fire dragon's attack.
The fire dragon claws you but does no damage.
You block the fire dragon's attack.
Your unstable footing causes you to fumble your attack.
You block the fire dragon's attack. The fire dragon barely misses you.
You block the fire dragon's attack.
You hit the fire dragon but do no damage.
The fire dragon is almost dead.
Your unstable footing causes you to fumble your attack.
The fire dragon breathes flames at you. The blast of flame hits you!
You resist.
* * * LOW HITPOINT WARNING * * *
You take 18 damage, and have 30/104 hp.
Your unstable footing causes you to fumble your attack.
You block the fire dragon's attack. x2
The fire dragon tramples you but does no damage.
Your shield and chain mail prevent you from hitting the fire dragon.
The fire dragon is almost dead.
The fire dragon bites you!
* * * LOW HITPOINT WARNING * * *
You block the fire dragon's attack. The fire dragon barely misses you.
You take 7 damage, and have 23/104 hp.
You hit the fire dragon.
The fire dragon is almost dead.
Your unstable footing causes you to fumble your attack.
The fire dragon breathes flames at you. The blast of flame hits you!
You resist.
You die...
Your body crumbles into a pile of gold. ██████ ███($?█

..██.██
██≈$$!.█
......█
███≈≈$$..█
......█
█≈≈≈≈≈...█
......█
█≈≈≈≈≈...█
......█
█≈≈≈≈≈≈.≈█
......█
█≈..≈≈D≈≈█
......█
█.....@≈≈█
......█
█......≈≈█
...!..█
█........█
......█
██.......█
......█
█......██
......█
█......█
......█
██....██
......█
██..██
......█
█..█


You could see a fire dragon.

Vanquished Creatures
  Maud (D:10)
  Erica (Lair:2)
  A hydra (Lair:2)
  Nergalle (D:11)
  An unseen horror (D:11)
  Pikel (D:9)
  A hill giant (D:10)
  An oklob plant (D:11)
  Joseph (D:7)
  2 molten gargoyles (Lair:3)
  Psyche (D:11)
  5 spiny frogs
  2 komodo dragons (Lair:3)
  4 trolls
  Grinder (D:6)
  A trapdoor spider zombie (D:7)
  4 blink frogs (Lair:3)
  A deep elf mage (D:11)
  A wraith (D:11)
  A basilisk (Lair:3)
  40 yaks
  A wyvern (D:11)
  7 hippogriffs
  A human (D:8)
  The ghost of dscm the Shield-Bearer, an amateur OpFi (D:4)
  3 wolves (D:8)
  A hungry ghost (D:11)
  A water moccasin (Lair:3)
  Duvessa (D:6)
  5 sky beasts
  A porcupine (Lair:2)
  8 orc warriors
  3 black bears
  8 ogres
  A slave (D:9)
  4 ice beasts
  3 necrophages (D:8)
  7 crocodiles
  2 phantoms
  6 centaurs
  17 giant frogs
  An elf zombie (Ossuary)
  Dowan (D:6)
  3 scorpions
  An electric eel (D:8)
  5 wights
  6 hounds
  3 lava snakes (D:10)
  2 crimson imps
  A quasit (D:9)
  4 centaur zombies
  8 orc priests
  4 jellies
  4 centaur skeletons
  A giant frog zombie (D:8)
  2 human zombies (Ossuary)
  2 giant frog skeletons
  9 worker ants
  23 orc wizards
  Terence (D:2)
  14 iguanas
  A killer bee zombie (D:5)
  2 big kobold zombies (Ossuary)
  3 hound zombies
  A killer bee simulacrum (D:8)
  4 mummies
  Robin (D:3)
  18 adders
  2 hound skeletons
  6 worker ant zombies
  9 river rats (Lair:2)
  3 gnolls
  A hound simulacrum (D:8)
  A white imp (D:8)
  A shadow imp (D:6)
  2 ufetubi (D:8)
  5 adder zombies
  An adder skeleton (D:4)
  8 worms
  3 giant geckos
  80 orcs
  9 bats
  4 giant cockroaches
  23 goblins
  8 hobgoblins
  15 jackals
  3 quokkas
  5 ball pythons
  A giant gecko simulacrum (D:8)
  12 giant newts
  3 goblin zombies
  3 hobgoblin zombies (Ossuary)
  A jackal skeleton (D:4)
  4 jackal zombies (Ossuary)
  9 kobolds
  2 kobold zombies (Ossuary)
  3 orc zombies
  A quokka skeleton (D:4)
  7 quokka zombies (Ossuary)
  2 rats
  A rat zombie (Ossuary)
  2 plants (D:11)
518 creatures vanquished.

Vanquished Creatures (others)
  An adder simulacrum (D:8)
  3 fungi
4 creatures vanquished.

Grand Total: 522 creatures vanquished

Notes
Turn   | Place    | Note
--------------------------------------------------------------
     0 | D:1      | Goblin1989 the Formicid Fighter began the quest for the Orb.
     0 | D:1      | Reached XP level 1. HP: 18/18 MP: 1/1
   136 | D:1      | Reached XP level 2. HP: 24/24 MP: 2/2
   557 | D:1      | Reached XP level 3. HP: 29/29 MP: 3/3
  1008 | D:2      | Noticed Terence
  1031 | D:2      | Killed Terence
  1031 | D:2      | Reached skill level 4 in Polearms
  1031 | D:2      | Reached XP level 4. HP: 20/35 MP: 4/4
  1384 | D:2      | Found a shattered altar of Ashenzari.
  1743 | D:2      | Reached XP level 5. HP: 32/41 MP: 5/5
  1786 | D:3      | Reached skill level 5 in Polearms
  2172 | D:3      | Found a burning altar of Makhleb.
  2175 | D:3      | Found a radiant altar of Vehumet.
  2176 | D:3      | Found a basalt altar of Yredelemnul.
  2189 | D:3      | Wingboner: Ня.
  2189 | D:3      | Reached XP level 6. HP: 33/47 MP: 6/6
  2190 | D:3      | Found an opulent altar of Gozag.
  2190 | D:3      | Found an iron altar of Okawaru.
  2201 | D:3      | Became a worshipper of Gozag Ym Sagoz the Greedy
  2474 | D:3      | Goblin1989: приветы
  2688 | D:3      | Found a glowing golden altar of the Shining One.
  2766 | D:3      | Reached skill level 6 in Polearms
  2849 | D:3      | Noticed Robin
  2904 | D:3      | Killed Robin
  3782 | D:4      | Reached skill level 7 in Polearms
  3782 | D:4      | Reached XP level 7. HP: 45/52 MP: 7/7
  3883 | D:4      | Goblin1989: @??ogre
  3883 | D:4      | beem: ogre (O)
                  | Spd:
    10 | HD: 5    | HP: 23-32
                  | AC/EV: 1/6
                  | Dam: 17
                  | items, doors
                  | Res: magic(20)
                  | XP:
   119 | Sz: Large | Int: human.
  4418 | D:4      | Found a staircase to the Ecumenical Temple.
  4589 | D:4      | Reached skill level 8 in Polearms
  4981 | D:4      | Reached XP level 8. HP: 16/58 MP: 8/8
  5472 | D:4      | Noticed dscm's ghost (amateur OpFi)
  5485 | D:4      | Killed dscm's ghost
  5485 | D:4      | Reached skill level 9 in Polearms
  5518 | D:5      | Entered Level 5 of the Dungeon
  5621 | D:5      | You fall through a shaft!
  5741 | D:5      | Reached skill level 10 in Polearms
  5897 | D:5      | Noticed a moth of wrath
  6036 | D:5      | Reached XP level 9. HP: 57/64 MP: 9/9
  6101 | D:5      | Got a coiled lapis lazuli ring
  6105 | D:5      | Identified the ring "Pehohuaf" {SustAt MR+} (You found it on level 5 of the Dungeon)
  6632 | D:5      | Found a burning altar of Makhleb.
  6632 | D:5      | Noticed a balrug
  6637 | D:5      | Noticed an orange demon
  6941 | D:5      | Bought a +3 chain mail of poison resistance for 329 gold pieces
  7053 | D:6      | Reached skill level 11 in Polearms
  7131 | D:6      | Noticed Duvessa
  7148 | D:6      | Noticed Dowan
  7152 | D:6      | Killed Duvessa
  7162 | D:6      | Killed Dowan
  7544 | D:6      | Noticed Grinder
  7636 | D:6      | Killed Grinder
  7694 | D:6      | Wingboner: Лол.
  7999 | D:6      | Wingboner: Если б эта сопля тебя съела, я б неудержимо ржал.
  8027 | D:6      | Goblin1989: ну и пофиг, если честно
  8027 | D:6      | Goblin1989: хочет жить - выкрутится сам
  8355 | D:6      | Reached skill level 5 in Shields
  8537 | D:7      | Found a sand-covered staircase.
  8546 | Ossuary  | Entered an ossuary
  8669 | Ossuary  | Reached XP level 10. HP: 61/73 MP: 10/10
  8713 | Ossuary  | Reached skill level 5 in Armour
  8757 | Ossuary  | Reached skill level 5 in Fighting
  8981 | D:7      | Reached skill level 12 in Polearms
  9140 | D:7      | Learned a level 3 spell: Regeneration
  9143 | D:7      | Learned a level 2 spell: Song of Slaying
  9147 | D:7      | Learned a level 3 spell: Spectral Weapon
  9300 | D:7      | Noticed Joseph
  9575 | D:7      | Killed Joseph
  9698 | D:8      | Goblin1989: лан
  9698 | D:8      | Goblin1989: спать пора
  9698 | D:8      | Goblin1989: на работы же завтра
  9698 | D:8      | Goblin1989: работу работать
  9894 | D:8      | Found a blossoming altar of Fedhas.
 10257 | D:8      | Found Qavuagient's Antique Armour Emporium.
 10266 | D:8      | Bought a pair of steaming gloves for 275 gold pieces
 10276 | D:8      | Identified the +5 pair of gloves of the First Snow {*Drain rPois rC+} (You bought it in a shop on level 8 of the Dungeon)
 10278 | D:8      | Bought a pair of embroidered boots for 130 gold pieces
 10283 | D:8      | Identified a +0 pair of boots of running (You bought it in a shop on level 8 of the Dungeon)
 10283 | D:8      | Bought a glowing large shield for 130 gold pieces
 10295 | D:8      | Bought a cloak for 130 gold pieces
 10886 | D:8      | Reached XP level 11. HP: 78/83 MP: 11/11
 11342 | D:9      | Noticed Pikel
 11346 | D:9      | Killed Pikel
 11346 | D:9      | Reached skill level 13 in Polearms
 11986 | D:10     | Entered Level 10 of the Dungeon
 12260 | D:10     | Bought a meat ration for 60 gold pieces
 12260 | D:10     | Bought a meat ration for 60 gold pieces
 12260 | D:10     | Bought 3 fruits for 54 gold pieces
 12260 | D:10     | Bought a meat ration for 60 gold pieces
 12260 | D:10     | Bought a bread ration for 60 gold pieces
 12260 | D:10     | Bought a meat ration for 60 gold pieces
 12297 | D:10     | Noticed Maud
 12329 | D:10     | Killed Maud
 12521 | D:10     | Noticed a hill giant
 12530 | D:10     | Killed a hill giant
 12756 | D:10     | Found Woisch's Magic Scroll Boutique.
 12766 | D:10     | Bought a scroll of amnesia for 56 gold pieces
 12766 | D:10     | Bought a scroll of random uselessness for 16 gold pieces
 12766 | D:10     | Bought a scroll of identify for 32 gold pieces
 12766 | D:10     | Bought a scroll of noise for 16 gold pieces
 13272 | D:11     | Reached XP level 12. HP: 92/92 MP: 12/12
 13310 | D:11     | Noticed Psyche
 13316 | D:11     | Killed Psyche
 13321 | D:11     | Reached skill level 14 in Polearms
 13464 | D:11     | Noticed an unseen horror
 13474 | D:11     | Killed an unseen horror
 13704 | D:11     | Found a staircase to the Lair.
 13705 | D:11     | Noticed an oklob plant
 13722 | D:11     | Killed an oklob plant
 13798 | D:11     | Found Uthuq's Jewellery Shop.
 14108 | D:11     | Found a staircase to the Orcish Mines.
 14257 | D:11     | Noticed Nergalle
 14305 | D:11     | Killed Nergalle
 14413 | D:11     | Identified a scroll of acquirement
 14506 | Lair:1   | Entered Level 1 of the Lair of Beasts
 15006 | Lair:1   | Reached skill level 10 in Shields
 15328 | Lair:2   | Noticed Erica
 15350 | Lair:2   | Killed Erica
 15350 | Lair:2   | Reached XP level 13. HP: 89/101 MP: 13/13
 15797 | Lair:2   | Reached skill level 15 in Polearms
 15830 | Lair:2   | Noticed an eight-headed hydra
 15842 | Lair:2   | Killed an eight-headed hydra
 16276 | Lair:3   | ReniFell: tol'ko proigral, i uje 13xl
 16283 | Lair:3   | ReniFell: C H U D E S A
 16348 | Lair:3   | ReniFell: sarcasm
 16489 | Lair:3   | Reached skill level 10 in Fighting
 16991 | Lair:3   | Noticed a fire dragon
 17026 | Lair:3   | Killed from afar by a fire dragon

Action                   |  1- 3 |  4- 6 |  7- 9 | 10-12 | 13-15 || total
-------------------------+-------+-------+-------+-------+-------++-------
Melee: Trident           |   123 |   337 |   574 |       |       ||  1034
       Unarmed           |       |     1 |       |       |       ||     1
       Halberd           |       |       |    78 |  1168 |   357 ||  1603
       Demon trident     |       |       |       |       |     9 ||     9
 Fire: Hunting sling     |       |       |     6 |       |       ||     6
Invok: Call Merchant     |       |       |     1 |     1 |       ||     2
       Potion Petition   |       |       |       |     3 |       ||     3
 Abil: Dig               |       |     3 |     5 |     5 |     2 ||    15
Evoke: Wand              |       |     1 |     1 |     3 |       ||     5
  Use: Potion            |       |       |     1 |     6 |       ||     7
       Scroll            |       |       |    10 |    11 |       ||    21
 Stab: Distracted        |       |       |     2 |     7 |     2 ||    11
  Eat: Chunk             |       |     5 |       |       |       ||     5
       Fruit             |       |     3 |     4 |    17 |     5 ||    29
       Pizza             |       |     1 |     1 |     6 |       ||     8
       Meat ration       |       |       |     1 |       |       ||     1
       Bread ration      |       |       |     2 |     1 |       ||     3
       Beef jerky        |       |       |     1 |     1 |       ||     2

Vault maps used:
D:1:      erik_arrival_cave_to_civilisation
D:2:      marbit_many_paths, uniq_terence
D:3:      kennysheep_goblin_castle, lemuel_doored_altar,
          grunt_temple_overflow_open
D:4:      minmay_temple_entry_crystal_x, first_bread
D:5:      tgw_trog, makhleb_altar_promises_db
D:6:      uniq_grinder, uniq_duvessa
D:7:      nicolae_ossuary_entry_giza, uniq_joseph
D:8:      serial_shops, nicolae_shop_waterfront, serial_ice, serial_ice_o,
          serial_ice_f, serial_ice_c, serial_ice_l, serial_ice_e, serial_ice_b,
          serial_ice_h, grunt_pizzeria, fedhas_altar_decomposition
D:9:      uniq_pikel
D:10:     serial_shops, shop, kennysheep_boxes, uniq_maud
D:11:     dpeg_oklobed_lair, david_orc_4, serial_shops, shop, spider_trap,
          minmay_misc_feat_iff, uniq_nergalle, uniq_psyche
Lair:1:   lemuel_fruit_fields, serial_bayou_shore_b
Lair:2:   uniq_erica
Lair:3:   dragon1_lemuel, beast_lair_carwin_10
Ossuary:  minmay_ossuary_two_tombs
